[Event "*** SCC Grand Prix: Titled Tuesday Blitz"]
[Site "Chess.com"]
[Date "2020.10.06"]
[Round "4"]
[White "Brave_spirit12"]
[Black "Leonid_Starozhilov"]
[Result "0-1"]
[WhiteElo "2482"]
[BlackElo "2686"]
[TimeControl "180+1"]
[EndTime "10:39:31 PDT"]
[Termination "Leonid_Starozhilov won by resignation"]

1. e4 c5 2. c3 d6 3. d4 Nf6 4. Bd3 g6 5. Nf3 Bg7 6. O-O O-O 7. Bf4 cxd4 8. cxd4 Nc6 9. h3 Nb4 10. Nc3 Nxd3 11.
Qxd3 b6 12. Qe3 Bb7 13. Rfe1 Rc8 14. Bh6 Qd7 15. Bxg7 Kxg7 16. Rad1 b5 17. a3 a5 18. b4 axb4 19. axb4 Rc4 20. e5 Nd5 21. Nxd5 Bxd5 22. Rb1 Rfc8 23. Ng5 Qf5 24. g4 Qd7 25. Qf4 h6 26.
Ne4 Bxe4 27. Rxe4 Qc6 28. e6 f6 29. Ree1 Qd5 30. Qe3 Rc3 31. Qd2 Rxh3 32. f3 Qxf3 33.
Qg2 Rg3 34. Re2 Rxg2+ 35. Rxg2 Qe3+ 36. Kh2 Qf4+ 37. Rg3 Rc2+ 38. Kh3 Rf2 39. Rh1 Rf3 40.
Rg1 Rxg3+ 41. Rxg3 Qxd4 42. g5 hxg5 43. Rg4 Qe3+ 44.
Rg3 Qxe6+ 45. Kg2 Qc4 46. Re3 Qxb4 47. Rxe7+ Kh6 48. Re4 Qd2+ 0-1

[Event "*** SCC Grand Prix: Titled Tuesday Blitz"]
[Site "Chess.com"]
[Date "2020.10.06"]
[Round "4"]
[White "mirceaparligras"]
[Black "PhileKhoob"]
[Result "1-0"]
[WhiteElo "2674"]
[BlackElo "2465"]
[TimeControl "180+1"]
[EndTime "10:39:31 PDT"]
[Termination "mirceaparligras won by resignation"]

1. e4 c5 2. Nf3 d6 3. d4 cxd4 4. Nxd4 Nf6 5. Nc3 a6 6. Be3 e5 7. Nb3 Be7 8. Qd2 Be6 9. O-O-O Nbd7 10. f4 exf4 11. Bxf4 Ne5 12. h3 O-O 13. g4 Rc8 14.
Kb1 b5 15. a3 Qc7 16. Nd4 Rfd8 17. Nf5 Bf8 18. Be2 Nc4 19. Bxc4 Qxc4 20. Qd4 Qxd4 21. Rxd4 d5 22. Rhd1 Bc5 23. R4d3 Bxf5 24. exf5 b4 25. axb4 Bxb4 26. Nxd5 Nxd5 27. Rxd5 Rxd5 28. Rxd5 h5 29.
c3 Bf8 30. gxh5 Kh7 31. Kc2 Re8 32. Kd3 Re1 33. Rd7 f6 34. h6 Rd1+ 35. Bd2 Rh1 36.
hxg7 Bxg7 37. Ra7 Rxh3+ 38. Kc2 Rf3 39. Rxa6 Rxf5 40. b4 Rf2 41. Kd3 f5 42. b5 f4 43.
b6 Rf1 44. Ra4 Rb1 45. Rb4 Rxb4 46. cxb4 Be5 47. Ke4 Bb8 48. Bxf4 1-0

[Event "*** SCC Grand Prix: Titled Tuesday Blitz"]
[Site "Chess.com"]
[Date "2020.10.06"]
[Round "4"]
[White "Zemerovv"]
[Black "IngOscarArdila"]
[Result "1-0"]
[WhiteElo "2281"]
[BlackElo "2123"]
[TimeControl "180+1"]
[EndTime "10:39:31 PDT"]
[Termination "Zemerovv won by resignation"]

1. g3 Nf6 2. Bg2 g6 3. d3 Bg7 4. Nd2 d6 5. e3 O-O 6. h3 e5 7. g4 Nbd7 8. b3 c6 9. Bb2 Qc7 10.
Ne2 a5 11. a4 h5 12. Ng3 h4 13. Ngf1 d5 14. Nf3 e4 15. Nxh4 exd3 16. cxd3 Ne5 17. Ng3 Re8 18. O-O Qe7 19. g5 Nh7 20. Rb1 Qxg5 21.
Bxe5 Qxe5 22. Nf3 Qd6 23. d4 Nf6 24. Qc2 Ne4 25. Nxe4 dxe4 26. Nd2 f5 27. Nc4 Qc7 28. f4 exf3 29. Rxf3 Be6 30. Rbf1 Bd5 31. Rf4 Bxg2 32.
Qxg2 Re6 33. h4 Bh6 34. R4f3 Kh7 35. Ne5 Rg8 36. Kf2 Rxe5 37. dxe5 Qxe5 38. Kg1 Qe4 39. Qd2 Qxh4 40. Qh2 Qg4+ 41. Rg3 Qb4 42. Rh3 Qf8 43. e4 f4 44. e5 Qc5+ 45. Qf2 Qxe5 46.
Qxf4 Qxf4 47. Rxf4 Kg7 48. Re4 Bg5 49. Rg3 Bf6 50. Re6 Kf7 51. Re4 Rd8 52. Kg2 Rd2+ 53. Kh3 g5 54. Rf3 Kg7 55. Kg4 Rg2+ 56. Kf5 Bb2 57.
Re7+ Kf8 58. Rxb7 g4 59. Rd3 Rf2+ 60. Kxg4 Re2 61. Rd8+ Re8 62. Rxe8+ Kxe8 63. Kf5 Bc3 64. Ke6 Kd8 65. Kd6 Kc8 66. Kxc6 1-0

[Event "*** SCC Grand Prix: Titled Tuesday Blitz"]
[Site "Chess.com"]
[Date "2020.10.06"]
[Round "4"]
[White "ehrenfeld"]
[Black "NMZanette"]
[Result "1/2-1/2"]
[WhiteElo "2510"]
[BlackElo "2232"]
[TimeControl "180+1"]
[EndTime "10:39:33 PDT"]
[Termination "Game drawn by repetition"]

1. e4 e5 2. Nc3 Nf6 3. f4 d5 4.
fxe5 Nxe4 5. Qf3 Nxc3 6. bxc3 c5 7. Bb5+ Nc6 8. Qg3 Be6 9. Ne2 Qb6 10. a4 a6 11. Bxc6+ Qxc6 12. O-O O-O-O 13. d4 c4 14. Ba3 Bxa3 15. Rxa3 g5 16. Qxg5 Rhg8 17. Qe3 Rg4 18. Rf4 Rg6 19. Rf2 Rdg8 20. Nf4 Rg4 21. Ra1 Bf5 22. a5 Be4 23. Rb1 Qh6 24. Rb6 Qh4 25.
Rf6 Qg5 26. g3 h5 27. Ng2 Qg7 28. Rxf7 Qg6 29. Rf8+ Rxf8 30. Rxf8+ Kc7 31. Rf6 Qg7 32. Rf4 h4 33. Nxh4 Rg5 34. Rf7+ Qxf7 35. Qxg5 Qd7 36. g4 Qa4 37. Qd2 Qa1+ 38. Kf2 Qxa5 39. Nf5 Qb6 40.
Nd6 Qb1 41. h4 Qh1 42. Kg3 Qf3+ 43. Kh2 Qh1+ 44. Kg3 Qf3+ 45. Kh2 Qh1+ 46. Kg3 1/2-1/2

[Event "*** SCC Grand Prix: Titled Tuesday Blitz"]
[Site "Chess.com"]
[Date "2020.10.06"]
[Round "4"]
[White "OldweakGM"]
[Black "RaunakSadhwani2005"]
[Result "1-0"]
[WhiteElo "2830"]
[BlackElo "2909"]
[TimeControl "180+1"]
[EndTime "10:39:37 PDT"]
[Termination "OldweakGM won by resignation"]

1. Nf3 d5 2. d4 Nf6 3. Bf4 Bf5 4. e3 e6 5. c4 Bxb1 6. Qxb1 Bb4+ 7. Ke2 Bd6 8. g3 O-O 9. Qc2 Nbd7 10. Bg2 Qe7 11. Bg5 c6 12. Rhd1 h6 13. Bxf6 Nxf6 14. Nd2 h5 15. h3 Rac8 16. Qb3 Rfe8 17. Kf1 a6 18. Rac1 b5 19. cxd5 cxd5 20. Rc2 Qd7 21. Rdc1 Red8 22.
Qd3 g6 23. Kg1 Qb7 24. Bf1 Bb4 25. Nf3 Bd6 26. Nd2 Ne4 27. Rxc8 Rxc8 28. Rxc8+ Qxc8 29. Nxe4 dxe4 30. Qxe4 Kg7 31. Qb1 f5 32. Qd1 Qd8 33. h4 Qc8 34. Bd3 Be7 35. Qc2 Qxc2 36. Bxc2 g5 37. hxg5 Bxg5 38. f4 Bd8 39. Bd1 Kg6 40.
Bf3 a5 41. Bc6 b4 42. Be8+ Kh6 43. Bd7 h4 44. Bxe6 Kg6 45. g4 fxg4 46. Bxg4 a4 47. Bd1 a3 48. bxa3 bxa3 49. Kg2 Bf6 50. Bg4 Kf7 51. Kf3 Ke7 52. Ke4 Kd6 53. Kd3 Bg7 54.
e4 Bh6 55. Ke3 Kc6 56. Be6 Kb5 57. e5 Kb4 58. d5 Kc3 59. d6 Bf8 60. Kf3 Kd4 61. Bb3 Kc5 62. Kg4 1-0

[Event "*** SCC Grand Prix: Titled Tuesday Blitz"]
[Site "Chess.com"]
[Date "2020.10.06"]
[Round "4"]
[White "johnathan113"]
[Black "The_Machine04"]
[Result "1/2-1/2"]
[WhiteElo "2587"]
[BlackElo "2325"]
[TimeControl "180+1"]
[EndTime "10:39:37 PDT"]
[Termination "Game drawn by repetition"]

1. d4 d6 2. Nc3 Nf6 3. e4 e5 4.
Nf3 Nbd7 5. g4 d5 6. dxe5 Nxe4 7. Nxd5 Nb6 8. c4 c6 9. Ne3 Qxd1+ 10. Nxd1 Bxg4 11.
Nd2 Bb4 12. a3 Bxd2+ 13. Bxd2 Nxd2 14. Kxd2 O-O-O+ 15. Kc2 Bf5+ 16. Kc3 Na4+ 17. Kb4 Bc2 18. Ne3 c5+ 19. Kb5 a6+ 20. Ka5 b6+ 21. Kxa6 Kc7 22.
Kb5 Ra8 23. Nd5+ Kb7 24. b4 Be4 25. Rc1 Bxh1 26. Bd3 Rhc8 27. Rxh1 cxb4 28. axb4 Nb2 29. Nxb6 Nxd3 30. Nxc8 Rxc8 31. Rd1 Nxe5 32. c5 Kc7 33. f4 Rb8+ 34. Ka4 Ra8+ 35. Kb3 Ng6 36. b5 Nxf4 37. Kb4 Ne6 38. b6+ Kc6 39. Rd6+ Kb7 40. Kb5 Ra1 41. c6+ Kc8 42. Rd7 Rb1+ 43. Ka5 Ra1+ 44. Kb5 Rb1+ 45. Ka5 Ra1+ 46. Kb4 Rb1+ 47. Ka5 1/2-1/2

[Event "*** SCC Grand Prix: Titled Tuesday Blitz"]
[Site "Chess.com"]
[Date "2020.10.06"]
[Round "4"]
[White "blitzking1729"]
[Black "garicradomir"]
[Result "1-0"]
[WhiteElo "2543"]
[BlackElo "2339"]
[TimeControl "180+1"]
[EndTime "10:39:38 PDT"]
[Termination "blitzking1729 won by resignation"]

1. d4 Nf6 2. Bg5 Ne4 3. Bf4 c5 4. f3 Nf6 5. d5 Nh5 6. Bc1 e5 7. e4 Qh4+ 8. Ke2 d6 9. Qe1 Qd8 10. Nc3 Be7 11. g3 Na6 12. Kf2 O-O 13. Kg2 Nc7 14.
a4 g6 15. Bh6 Ng7 16. Bd3 Bg5 17. Bxg5 Qxg5 18. Qc1 Qe7 19. Nge2 f5 20. h4 Nh5 21. Qg5 Qg7 22. Nb5 h6 23. Qd2 Ne8 24. b4 a6 25. Na3 b6 26. Nc4 Rb8 27. bxc5 bxc5 28. Rab1 Rxb1 29. Rxb1 f4 30. g4 Ng3 31. Nxg3 fxg3 32.
Kxg3 h5 33. gxh5 Rf4 34. Rg1 Qf6 35. Kf2 Qxh4+ 36. Ke3 Qh3 37. Qg2 Qxh5 38. Qxg6+ Qxg6 39. Rxg6+ Kf7 40. Rxd6 Nxd6 41. Nxd6+ Kf6 42. Nxc8 Rh4 43. Bxa6 Rh1 44. c4 Re1+ 45. Kf2 Ra1 46. Bb5 Kg5 47. d6 Kf4 48. d7 Ra2+ 49. Ke1 Ke3 50. d8=Q Rh2 51.
Kd1 Rd2+ 52. Qxd2+ 1-0

[Event "*** SCC Grand Prix: Titled Tuesday Blitz"]
[Site "Chess.com"]
[Date "2020.10.06"]
[Round "4"]
[White "KyronGriffith"]
[Black "elamier"]
[Result "1-0"]
[WhiteElo "2567"]
[BlackElo "2340"]
[TimeControl "180+1"]
[EndTime "10:39:39 PDT"]
[Termination "KyronGriffith won by resignation"]

1. e4 c5 2. Nf3 e6 3. d4 cxd4 4. Nxd4 Nf6 5. Nc3 Nc6 6. Ndb5 Bb4 7. a3 Bxc3+ 8. Nxc3 d5 9. exd5 exd5 10. Bd3 O-O 11. O-O d4 12. Ne2 Bg4 13. Re1 Re8 14. Bg5 Qd6 15.
Qd2 Bxe2 16. Rxe2 Rxe2 17. Qxe2 Re8 18. Qf3 Ne5 19. Qg3 Nh5 20. Qh4 Nxd3 21. cxd3 Qg6 22. h3 h6 23. Bd2 Qxd3 24. Bxh6 Nf6 25. Qg5 Qg6 26. Qxg6 fxg6 27. Bf4 Re2 28. Rd1 Rxb2 29. Rxd4 b5 30. Rd8+ Kh7 31. Ra8 a5 32. Rxa5 Ne4 33.
Be3 Nd6 34. Ra7 Nf5 35. Bf4 Re2 36. Rb7 Re4 37. Bd2 Nd4 38. f3 Re2 39. Bc3 Nf5 40. Rxb5 Nh4 41. Rg5 Ra2 42. Bb4 Kh6 43. Rg4 Nf5 44.
Bc5 g5 45. a4 Rc2 46. Bb6 Ra2 47. a5 Kh5 48. Re4 Nh4 49. Bf2 Rxa5 50. Re8 Ra1+ 51. Kh2 Nf5 52. g4+ Kg6 53. gxf5+ Kxf5 54. Kg2 Ra2 55. Rf8+ Kg6 56. Kg3 Ra4 57. Rb8 Rc4 58. Rb5 Rc3 59. Bd4 Rd3 60. Bb2 Rd7 61. Bc1 g4 62. hxg4 Kf7 63. Bb2 g6 64. Rb6 Ra7 65. Rf6+ 1-0

[Event "*** SCC Grand Prix: Titled Tuesday Blitz"]
[Site "Chess.com"]
[Date "2020.10.06"]
[Round "4"]
[White "Susal_De_Silva"]
[Black "tsvet2005"]
[Result "0-1"]
[WhiteElo "2477"]
[BlackElo "2680"]
[TimeControl "180+1"]
[EndTime "10:39:40 PDT"]
[Termination "tsvet2005 won by resignation"]

1. e4 c5 2. Nf3 d6 3. Bb5+ Nd7 4. O-O a6 5. Bd3 e6 6. Re1 Ngf6 7. a4 Be7 8. c3 O-O 9. Bc2 b6 10. d4 Bb7 11. Nbd2 Rc8 12. Nf1 Qc7 13. d5 exd5 14. exd5 Rfe8 15. c4 b5 16. axb5 axb5 17. b3 Bf8 18.
Bb2 Rxe1 19. Qxe1 Re8 20. Qd2 g6 21. Ne3 Bg7 22. Bc3 Qb8 23. h3 Nb6 24. Bd3 b4 25. Bb2 Qc7 26. Re1 Nbd7 27. Nh2 Ne5 28. Bxe5 Rxe5 29. Neg4 Rxe1+ 30. Qxe1 Qd7 31. Nxf6+ Bxf6 32.
Ng4 Bg7 33. Qe3 h5 34. Nh2 Bd4 35. Qe4 Bc8 36. Nf3 Bg7 37. Qe2 Qd8 38. Nd2 Bd7 39.
Ne4 Qe7 40. Ng3 Qg5 41. Qe3 Qf6 42. Ne4 Qa1+ 43. Kh2 Be5+ 44. g3 h4 45. Qe2 hxg3+ 46. fxg3 Bd4 47. Nf2 Qc3 48. Kg2 Qxb3 49. Bxg6 Bxf2 50.
Kxf2 fxg6 51. Qe7 Qb2+ 52. Kf3 Qg7 53. Qd8+ Qf8+ 54. Qxf8+ Kxf8 0-1

[Event "*** SCC Grand Prix: Titled Tuesday Blitz"]
[Site "Chess.com"]
[Date "2020.10.06"]
[Round "4"]
[White "Semetey"]
[Black "Koksik_13"]
[Result "1-0"]
[WhiteElo "2494"]
[BlackElo "2662"]
[TimeControl "180+1"]
[EndTime "10:39:41 PDT"]
[Termination "Semetey won on time"]

1. d4 e6 2. c4 d5 3. Nc3 a6 4.
cxd5 exd5 5. Bf4 Nf6 6. Nf3 Bd6 7. Bg3 O-O 8. e3 Re8 9. Bd3 c6 10. O-O Bxg3 11. hxg3 Nbd7 12. Re1 Nf8 13. e4 dxe4 14. Nxe4 Bg4 15. Qa4 Bxf3 16. gxf3 Ne6 17. Rad1 h6 18.
Bc2 Nd5 19. a3 Qb6 20. Bb3 Rad8 21. Qc4 Qa5 22. Kg2 Kh8 23. Rh1 Kg8 24. Bc2 Qb5 25. Bb3 Qxc4 26. Bxc4 Nb6 27. Bxe6 Rxe6 28. Nc5 Re7 29.
Rhe1 Rc7 30. f4 Nd7 31. Kf3 Kf8 32. g4 g6 33. b4 Nf6 34. g5 hxg5 35. fxg5 Ng8 36.
Re4 Ne7 37. Rh1 b6 38. Rh8+ Ng8 39. Nd3 Rcd7 40. Ke3 Kg7 41. Reh4 Re7+ 42. Ne5 c5 43. bxc5 bxc5 44. R4h7+ Kf8 45. f4 cxd4+ 46. Kd3 Rd6 47. Ng4 Ree6 48. Nh6 Re3+ 49. Kd2 Ke7 50. Rxg8 Ke6 51.
Rxf7 1-0

[Event "*** SCC Grand Prix: Titled Tuesday Blitz"]
[Site "Chess.com"]
[Date "2020.10.06"]
[Round "4"]
[White "731291"]
[Black "Shuvalov"]
[Result "1-0"]
[WhiteElo "2655"]
[BlackElo "2421"]
[TimeControl "180+1"]
[EndTime "10:39:41 PDT"]
[Termination "731291 won by checkmate"]

1. e4 e6 2. d4 d5 3. Bd3 c5 4. exd5 exd5 5. Nf3 c4 6. Be2 Nf6 7. O-O Be7 8. b3 cxb3 9. axb3 O-O 10. c4 Nc6 11.
Nc3 Bf5 12. Bg5 Nb4 13. Qd2 Re8 14. Rac1 a5 15. Ne5 h6 16. Bxf6 Bxf6 17. f4 dxc4 18. Bxc4 Be6 19. d5 Bf5 20. Rfe1 Qd6 21. Nb5 Qb6+ 22.
Kh1 Rad8 23. d6 Be6 24. Nc7 Rxd6 25. Qxd6 Qxd6 26. Nxe8 Qe7 27. Nxf7 Qxe8 28. Rxe6 Qb8 29. Rce1 Kh7 30. g3 Qc7 31. Nd6 Qc6+ 32. Ne4 Qc7 33. Nxf6+ gxf6 34. Re7+ Qxe7 35. Rxe7+ Kg6 36. Rxb7 Nc2 37.
Ra7 Ne3 38. Rxa5 f5 39. Ra6+ Kh5 40. Be2+ Ng4 41. Bxg4+ fxg4 42. f5 Kg5 43. f6 Kg6 44. f7+ Kxf7 45. Rxh6 Kg7 46. Ra6 Kf7 47. b4 Ke7 48. b5 Kd7 49. Rc6 Kd8 50. h4 gxh3 51.
g4 Kd7 52. g5 h2 53. g6 Ke7 54. b6 Kd7 55. Rc7+ Ke6 56. g7 Kf5 57. g8=Q Kf4 58.
Qc4+ Ke3 59. Re7+ Kf2 60. Qf7+ Kg3 61. Re3+ Kh4 62. Qf4+ Kh5 63. Rh3+ Kg6 64. Rg3+ Kh5 65. Qg5# 1-0

[Event "*** SCC Grand Prix: Titled Tuesday Blitz"]
[Site "Chess.com"]
[Date "2020.10.06"]
[Round "4"]
[White "serena-maria"]
[Black "Sergey85Rodchenkov"]
[Result "0-1"]
[WhiteElo "2282"]
[BlackElo "2466"]
[TimeControl "180+1"]
[EndTime "10:39:42 PDT"]
[Termination "Sergey85Rodchenkov won by checkmate"]

1. Nf3 Nf6 2. g3 b5 3. Bg2 Bb7 4. O-O e6 5. b3 Be7 6. c4 b4 7. d4 O-O 8. a3 a5 9. axb4 axb4 10.
Rxa8 Bxa8 11. Nbd2 c5 12. dxc5 Bxc5 13. Bb2 d6 14.
Qa1 Nbd7 15. Qa6 e5 16. e3 h6 17. Ra1 Qc7 18. Ne1 Bxg2 19. Kxg2 e4 20. Nc2 Re8 21. Nd4 Ne5 22. Nb5 Qd7 23. Rd1 Qg4 24. Re1 Re6 25.
Qc8+ Kh7 26. Bxe5 Rxe5 27. Qxg4 Nxg4 28. Ra1 f5 29. Ra6 Re6 30. Nd4 Rf6 31. Rc6 Ne5 32. Rc8 Nd3 33. Ra8 g5 34. h3 Kg6 35. g4 fxg4 36.
hxg4 Rxf2+ 37. Kg3 Bxd4 38. Nxe4 Bxe3 39. Nxf2 Bxf2+ 40. Kf3 Bc5 41. Ke4 Ne5 42. Rc8 Nxg4 43. Kd5 Nf6+ 44. Ke6 Ne4 45. Rg8+ Kh5 46. Rh8 g4 47. Kf7 g3 48. Rg8 Ng5+ 49. Kf6 g2 50. Kf5 g1=Q 51. Kf6 Qf2+ 52. Ke7 Qf7+ 53. Kd8 Qxg8+ 54. Kc7 Qf7+ 55. Kc6 Bf2 56. c5 dxc5 57. Kb5 Qb7+ 58. Kc4 Qa6+ 59.
Kd5 Qe6# 0-1

[Event "*** SCC Grand Prix: Titled Tuesday Blitz"]
[Site "Chess.com"]
[Date "2020.10.06"]
[Round "4"]
[White "Smirnov_Pavel"]
[Black "Jospem"]
[Result "0-1"]
[WhiteElo "2804"]
[BlackElo "2993"]
[TimeControl "180+1"]
[EndTime "10:39:48 PDT"]
[Termination "Jospem won on time"]

1. d4 Nf6 2. c4 e6 3. Nf3 Bb4+ 4. Nbd2 O-O 5. a3 Be7 6. e4 d6 7. Qc2 c5 8. d5 e5 9. Be2 Nbd7 10. O-O a5 11.
Rb1 a4 12. Ne1 Ne8 13. Nd3 Bg5 14. b4 axb3 15. Qxb3 g6 16. g3 Ng7 17. f4 exf4 18. gxf4 Be7 19. Bb2 Qa5 20. Nf3 Nf6 21. e5 Ne4 22.
Nf2 Nd2 23. Nxd2 Qxd2 24. Qf3 Bf5 25. Ne4 Bxe4 26. Qxe4 Nf5 27. Rfd1 Qe3+ 28. Qxe3 Nxe3 29. Rdc1 Nf5 30. Bd3 Ne3 31. Kf2 Ng4+ 32. Kf3 h5 33. h3 Nh6 34. Rc3 Ra7 35. Rb3 Kh7 36. Rb6 Rfa8 37.
Re1 Ra6 38. Rxb7 R8a7 39. Rb8 Ra8 40. Rb7 R8a7 41. Rxa7 Rxa7 42. exd6 Bxd6 43. Re8 Ng8 44. f5 Rb7 45. fxg6+ fxg6 46. Bxg6+ Kxg6 47. Rxg8+ Kf5 48. Bc1 Rb3+ 49. Kg2 Rc3 50. Rg5+ Ke4 51. Rxh5 Rxc1 52. Rh6 Rc2+ 53. Kf1 Bf4 0-1

[Event "*** SCC Grand Prix: Titled Tuesday Blitz"]
[Site "Chess.com"]
[Date "2020.10.06"]
[Round "4"]
[White "esrosenberg"]
[Black "chegueps"]
[Result "1/2-1/2"]
[WhiteElo "2304"]
[BlackElo "2462"]
[TimeControl "180+1"]
[EndTime "10:39:49 PDT"]
[Termination "Game drawn by repetition"]

1. Nf3 Nc6 2. d4 d6 3. d5 Nb8 4. e4 e5 5. c4 Nf6 6. Nc3 g6 7.
h3 Bg7 8. Bg5 O-O 9. Qd2 Qe8 10.
Rc1 a5 11. a3 Na6 12. Bd3 Nc5 13. Bc2 a4 14. O-O Nh5 15. Rfe1 Nf4 16. Bxf4 exf4 17.
Qxf4 Bxc3 18. bxc3 f6 19. Nd4 Bd7 20. h4 Qe5 21. Qe3 b6 22. f4 Qe7 23. h5 Kg7 24. f5 g5 25. Ne6+ Bxe6 26. fxe6 f5 27. exf5 Qf6 28. g4 Rae8 29. Kg2 h6 30. Qd4 Re7 31. Kf3 Ra8 32. Qxf6+ Kxf6 33. Ke3 Ra7 34. Kd4 Ra8 35. Rb1 Ra7 36. Rb4 Ra8 37. Reb1 Ra7 38. Rb5 Ra8 39. R1b4 Ra7 40. Ke3 Ra8 41. Rxc5 dxc5 42. Rxa4 Rxa4 43.
Bxa4 Rg7 44. Bc6 Rg8 45. a4 Rd8 46. Kd2 Rd6 47. Kc2 Rd8 48. Kb3 Rb8 49. Ka3 Ke7 50. Kb3 Kf6 51. Kc2 Ke7 52. Kd3 Kf6 53. Ke4 Rd8 54.
Ke3 Rb8 55. Ke4 Rd8 56. Bb5 Rb8 57. d6 cxd6 58. Kd5 Ke7 59. Bd7 Ra8 60. Bc6 Ra7 61.
Bb5 Rc7 62. Bc6 Ra7 63. Bb5 Rc7 64. Bd7 Ra7 65. Bb5 1/2-1/2

[Event "*** SCC Grand Prix: Titled Tuesday Blitz"]
[Site "Chess.com"]
[Date "2020.10.06"]
[Round "4"]
[White "ChessWarrior7197"]
[Black "Gabix_94"]
[Result "1-0"]
[WhiteElo "3009"]
[BlackElo "2806"]
[TimeControl "180+1"]
[EndTime "10:39:50 PDT"]
[Termination "ChessWarrior7197 won on time"]

1. e4 c5 2. Nf3 Nc6 3. Bb5 Na5 4. O-O a6 5. Be2 d6 6. c4 Nf6 7. Nc3 e6 8. d4 cxd4 9. Nxd4 Be7 10. Be3 O-O 11.
f3 Bd7 12. b3 Qc7 13. Rc1 Rac8 14. Qd2 b6 15. Rfd1 Qb8 16. Qe1 Rfe8 17. Qf2 Bd8 18. Kh1 Bc7 19. g4 Red8 20. g5 Ne8 21. h4 Nc6 22. h5 Ne7 23. h6 g6 24. f4 b5 25.
cxb5 Ba5 26. Bd2 axb5 27. Ndxb5 Bxb5 28. Nxb5 Bxd2 29. Rxc8 Rxc8 30. Rxd2 d5 31. exd5 Nxd5 32. Bc4 Nxf4 33. Rd7 Qe5 34. Qg3 Qe4+ 35. Kh2 Nh5 36. Qf2 Qe5+ 37. Kg1 Nf4 38. Kf1 Qxg5 39. Na7 Ra8 40.
Nc6 Nf6 41. Rd4 e5 42. Nxe5 Qxe5 43. Qxf4 Qe7 44. a4 Re8 45. Kg2 Nh5 46. Qf2 Qg5+ 47.
Kf1 Qc1+ 48. Kg2 Qg5+ 49. Kh2 Nf6 50. Qf4 Qh5+ 51. Kg2 1-0

[Event "*** SCC Grand Prix: Titled Tuesday Blitz"]
[Site "Chess.com"]
[Date "2020.10.06"]
[Round "4"]
[White "Duhless"]
[Black "TrimitziosP7"]
[Result "1/2-1/2"]
[WhiteElo "2968"]
[BlackElo "2811"]
[TimeControl "180+1"]
[EndTime "10:39:50 PDT"]
[Termination "Game drawn - insufficient material"]

1. d4 Nf6 2. Nf3 c5 3. d5 e6 4. c4 exd5 5. cxd5 b5 6. Bg5 d6 7. e4 a6 8. Nbd2 Be7 9. a4 b4 10. Bc4 a5 11. O-O O-O 12. e5 dxe5 13. Nxe5 Bd6 14. f4 h6 15. Bxf6 Qxf6 16. Ne4 Qd8 17. Qh5 Ba6 18. Bxa6 Rxa6 19. Nc4 f5 20. Nexd6 Rxd6 21. Nxd6 Qxd6 22. Rad1 Nd7 23. Qe2 Nf6 24. Qe5 Ne4 25. Rfe1 Rf6 26. Qxd6 Rxd6 27. Rxe4 fxe4 28. Kf2 Kf7 29. Ke3 Ke7 30. Kxe4 Rg6 31. g3 Kd6 32. b3 Rf6 33. Re1 g6 34. h3 Rf8 35. Kd3 g5 36. Kc4 gxf4 37. Re6+ Kd7 38. gxf4 Rxf4+ 39. Kxc5 Rf3 40.
Rxh6 Rxb3 41. Rh7+ Kc8 42. Rh8+ Kd7 43. Kb5 Rd3 44.
Kxa5 b3 45. Rb8 Rxd5+ 46. Kb4 Rd3 47. h4 Rh3 48. Ka3 Rxh4 49. Rxb3 Kc6 50. a5 Rh5 51.
Ka4 Rh1 52. Rc3+ Kb7 53. Rb3+ Ka7 54. Rb6 Ra1+ 55. Kb5 Rb1+ 56. Kc6 Ra1 57. Rb7+ Ka6 58. Rb8 Rc1+ 59. Kd7 Kxa5 60. Rc8 Rxc8 61. Kxc8 1/2-1/2

[Event "*** SCC Grand Prix: Titled Tuesday Blitz"]
[Site "Chess.com"]
[Date "2020.10.06"]
[Round "4"]
[White "gumimis"]
[Black "Malysch"]
[Result "1-0"]
[WhiteElo "2263"]
[BlackElo "2405"]
[TimeControl "180+1"]
[EndTime "10:39:50 PDT"]
[Termination "gumimis won on time"]

1. e4 d5 2. exd5 Qxd5 3. Nc3 Qd6 4. d4 Nf6 5. Nf3 a6 6. Bc4 b5 7. Bb3 Bb7 8. d5 c5 9. dxc6 Qxd1+ 10. Nxd1 Nxc6 11.
Bf4 e6 12. O-O Bc5 13. Nc3 Ke7 14. Rfe1 Rhd8 15. Bg5 Nd4 16. Nxd4 Bxd4 17. Rad1 h6 18. Be3 Bxe3 19. fxe3 Bc6 20. h3 a5 21. a3 b4 22.
axb4 axb4 23. Ne2 e5 24. Nc1 Ne4 25. Nd3 f6 26. Nxb4 Bb7 27. Nd5+ Kf8 28. Nc7 Rxd1 29. Rxd1 Rc8 30. Ne6+ Ke7 31. Nxg7 Nc5 32. Nf5+ Kf8 33.
Rd6 Nxb3 34. Rxf6+ Ke8 35. cxb3 Rc2 36. Nd6+ Ke7 37. Rg6 Bd5 38. Nc4 Be4 39. Rg7+ Kf6 40. Rg8 h5 41. h4 Bd5 42. Rg5 Be6 43. Nxe5 Rxb2 44. Nf3 Rxb3 45. e4 Bg4 46. e5+ Ke6 47.
Nd4+ Kf7 48. Nxb3 Ke6 49. Rxg4 hxg4 50. Kf2 1-0

[Event "*** SCC Grand Prix: Titled Tuesday Blitz"]
[Site "Chess.com"]
[Date "2020.10.06"]
[Round "4"]
[White "Chessdude1987"]
[Black "ailime26"]
[Result "1-0"]
[WhiteElo "2230"]
[BlackElo "1839"]
[TimeControl "180+1"]
[EndTime "10:39:50 PDT"]
[Termination "Chessdude1987 won on time"]

1. e4 c5 2. b3 e6 3. Bb2 d5 4.
e5 Nc6 5. f4 Nge7 6. Nc3 a6 7.
Qf3 b5 8. O-O-O Bb7 9. g4 d4 10.
Ne4 Nd5 11. Bg2 c4 12. Qg3 Be7 13. f5 Qa5 14. Kb1 Ncb4 15. a3 Nxc2 16. Kxc2 d3+ 17. Kb1 Bxa3 18. Nd6+ Bxd6 19. exd6 Qb4 20. fxe6 fxe6 21.
Qe5 Kd7 22. Qxg7+ Kxd6 23. Nh3 Qxb3 24. Qe5+ Kd7 25. Bxd5 Bxd5 26. Rhf1 Rhf8 27. Qc3 Qxc3 28. Bxc3 Rxf1 29. Rxf1 Bg2 30. Rf7+ Kd6 31. Rxh7 Rf8 32. Ng5 Rf1+ 33. Kb2 a5 34. Nf7+ Kd5 35. Rh5+ Kc6 36. Ne5+ Kb7 37. Bxa5 Ka6 38. Bc3 Bd5 39. Rh8 Kb6 40.
Rb8+ Kc5 41. Nd7+ Kd6 42. Ne5 Kc5 43. h4 b4 44. Bxb4+ Kd4 45. Bc3+ Ke4 46. h5 Rg1 47. h6 Rh1 48. g5 Kf5 49. Rh8 Kxg5 50. h7 Kf6 51.
Rf8+ Kg7 52. h8=Q+ 1-0

[Event "*** SCC Grand Prix: Titled Tuesday Blitz"]
[Site "Chess.com"]
[Date "2020.10.06"]
[Round "4"]
[White "alejanchess73"]
[Black "annamaja"]
[Result "1/2-1/2"]
[WhiteElo "2430"]
[BlackElo "2260"]
[TimeControl "180+1"]
[EndTime "10:39:51 PDT"]
[Termination "Game drawn - insufficient material"]

1. d4 d5 2. c4 c6 3. Nc3 Nf6 4. e3 e6 5. Nf3 Bd6 6. Qc2 O-O 7.
Bd2 Nbd7 8. Bd3 dxc4 9. Bxc4 b5 10.
Bd3 Bb7 11. O-O a6 12. e4 e5 13. Ne2 exd4 14. Nexd4 Rc8 15. Nf5 Bb8 16. Rfe1 c5 17. Bg5 c4 18. Bf1 Re8 19. Rad1 Qb6 20. Be3 Qc7 21.
Nd6 Bxe4 22. Qc3 Bxf3 23. gxf3 Re6 24. Bf4 Rxe1 25. Qxe1 Rf8 26. Bg3 Qc6 27. Bg2 Qc5 28. Ne4 Qf5 29. Nxf6+ Nxf6 30. Qd2 Bxg3 31. hxg3 g6 32.
Qd6 Kg7 33. Qxa6 Re8 34. Qa3 Qe5 35. Qc3 Qxc3 36. bxc3 Re2 37. Rb1 Rxa2 38. Rxb5 Rc2 39. f4 Rxc3 40. Rc5 Rc1+ 41. Kh2 c3 42. Bf3 h5 43. Kg2 c2 44. f5 Kf8 45. fxg6 fxg6 46. Rc8+ Ke7 47. Rc6 Nd7 48. Rc3 Ne5 49. Be4 Ng4 50.
Bxg6 h4 51. Rxc2 Rxc2 52. Bxc2 hxg3 53. fxg3 Ne3+ 54. Kf3 Nxc2 55. g4 Nd4+ 56. Ke4 Ne6 57. Kf5 Kf7 58. g5 Nxg5 1/2-1/2

[Event "*** SCC Grand Prix: Titled Tuesday Blitz"]
[Site "Chess.com"]
[Date "2020.10.06"]
[Round "4"]
[White "Sacbutt"]
[Black "ErikRonka"]
[Result "0-1"]
[WhiteElo "2276"]
[BlackElo "2449"]
[TimeControl "180+1"]
[EndTime "10:39:52 PDT"]
[Termination "ErikRonka won on time"]

1. d4 d5 2. c4 e6 3. Nc3 Nf6 4. Bg5 dxc4 5. e3 c5 6. Nf3 cxd4 7. Nxd4 Be7 8. Bxc4 O-O 9. O-O h6 10. Bh4 a6 11. Qf3 Nbd7 12. Rfd1 Ne5 13. Qe2 Nxc4 14.
Qxc4 b5 15. Qc6 Bd7 16. Qf3 Rc8 17. Bg3 Qb6 18. Ne4 Nxe4 19. Qxe4 Rfd8 20. Nf5 exf5 21. Qxe7 Be6 22. Rxd8+ Qxd8 23. Qxd8+ Rxd8 24. a3 Rd2 25. Be5 f6 26. Bc3 Rc2 27. Rd1 Kf7 28. g3 a5 29. Bxa5 Rxb2 30. Bb4 g5 31. Rc1 Bc4 32. h3 h5 33. Kg2 Bd5+ 34. Kf1 h4 35. gxh4 gxh4 36. Kg1 Be4 37. Rc7+ Kg6 38. Rc1 f4 39. exf4 Kf5 40. Bd6 Ra2 41. Re1 Bf3 42. Rc1 Re2 43. Rb1 Re8 44. Rc1 Rg8+ 45. Kf1 Bg2+ 46. Ke2 Bxh3 47.
Ke3 Ke6 48. Bc7 Bf5 49. Rh1 h3 50. Kf3 Rc8 51. Bb6 Rc3+ 52. Be3 Rxa3 53. Kg3 b4 54. Rc1 b3 55. Rc6+ Kd7 56. Rb6 Bc2 57. Kxh3 Ra2 58. Kg4 b2 0-1